AoeStats
← Yun

Arena

507906548Analyzed
4v4 RM · 13d ago on Sep 20, 2026· 45m 13s· 8 players
Game mode
Random Map
Map size
Large (8 player)
Population
200
Speed
Normal
Resources
Standard
Victory
Conquest
Starting age
Dark Age
Ending age
Imperial Age
RankedLock teamsTeams togetherTeam positionsShared explorationLock speedFull tech treeHidden civsTurbo modeCheats
Victory
Defeat
🇨🇦 Hindustanis · Canada
1187
+12
🇹🇼 Mongols · Taiwan
1147
+14
🇹🇼 Poles · Taiwan
1140
+14
🇸🇮 Burgundians · Slovenia
1111
+15
🇺🇸 Vietnamese · United States
1228
-20
🇰🇷 Italians · South Korea
1111
-14
🇰🇷 Franks · South Korea
1037
-11
🇰🇷 Franks · South Korea
1005
-10
呆呆的路痴
11:48 Feudal Age
16:13 Castle Age
14:22 Double-Bit Axe
14:43 Horse Collar
16:10 Wheelbarrow
17:31 Bow Saw
18:12 Heavy Plow
22:00 Coinage
24:24 Szlachta Privileges
24:59 Husbandry
25:10 Bloodlines
25:08 Gold Mining
25:10 Stone Mining
26:26 Scale Barding Armor
29:07 Hand Cart
29:33 Forging
29:43 Chain Barding Armor
31:48 Iron Casting
35:41 Imperial Age
32:57 Loom
32:58 Town Watch
33:50 Light Cavalry
35:28 Fletching
36:08 Winged Hussar
36:10 Cavalier
37:27 Lechitic Legacy
37:28 Conscription
36:29 Elite Obuch
38:12 Banking
38:56 Crop Rotation
39:38 Blast Furnace
39:00 Cavalier
Yun
11:06 Feudal Age
15:12 Castle Age
13:18 Double-Bit Axe
14:00 Horse Collar
16:21 Bow Saw
16:28 Heavy Plow
16:48 Loom
25:23 Gold Mining
27:07 Gold Shaft Mining
27:29 Grand Trunk Road
30:46 Imperial Age
29:11 Wheelbarrow
29:06 Grand Trunk Road
29:07 Stone Mining
30:41 Hand Cart
31:13 Onager
33:36 Two-Man Saw
32:01 Pikeman
32:41 Squires
34:12 Scale Mail Armor
34:22 Forging
34:31 Elite Skirmisher
36:16 Fletching
36:41 Chain Mail Armor
37:02 Iron Casting
41:03 Chemistry
40:23 Ballistics
43:23 Masonry
43:09 Murder Holes
44:43 Shatagni
m00n
10:26 Feudal Age
9:06 Double-Bit Axe
15:19 Castle Age
15:08 Wheelbarrow
19:52 Bow Saw
19:25 Horse Collar
26:29 Fortified Wall
26:40 Masonry
27:42 Husbandry
27:02 Cavalier
30:30 Burgundian Vineyards
30:58 Hand Cart
34:19 Imperial Age
32:46 Scale Barding Armor
32:51 Forging
32:43 Gold Mining
32:45 Stone Mining
33:56 Heavy Plow
34:58 Two-Man Saw
35:15 Chain Barding Armor
35:41 Crop Rotation
34:58 Paladin
36:28 Gold Shaft Mining
36:29 Stone Shaft Mining
38:15 Plate Barding Armor
38:16 Iron Casting
40:40 Caravan
41:27 Guilds
40:53 Light Cavalry
42:39 Blast Furnace
42:27 Architecture
41:57 Hussar
camel
10:20 Feudal Age
12:03 Double-Bit Axe
14:54 Castle Age
13:41 Horse Collar
18:17 Bow Saw
22:01 Heavy Plow
23:01 Gold Mining
24:22 Stone Mining
25:16 Gold Shaft Mining
25:42 Wheelbarrow
30:12 Imperial Age
28:29 Gold Shaft Mining
28:47 Bloodlines
28:38 Husbandry
28:47 Scale Barding Armor
30:08 Stone Shaft Mining
29:46 Fletching
29:57 Padded Archer Armor
30:26 Ballistics
31:56 Chemistry
30:54 Bodkin Arrow
31:53 Bracer
32:08 Leather Archer Armor
32:07 Elite Mangudai
33:08 Conscription
32:21 Light Cavalry
33:26 Chain Barding Armor
33:24 Masonry
33:49 Hand Cart
33:36 Hussar
35:56 Nomads
36:21 Forging
36:45 Town Watch
36:46 Loom
36:25 Pikeman
37:05 Squires
36:51 Arson
38:58 Masonry
43:11 Parthian Tactics
minoton
11:05 Feudal Age
11:49 Double-Bit Axe
11:46 Horse Collar
13:28 Loom
13:43 Fletching
19:12 Castle Age
17:11 Gold Mining
17:23 Padded Archer Armor
19:58 Crossbowman
21:43 Leather Archer Armor
22:41 Bow Saw
22:33 Heavy Plow
25:05 Stone Mining
25:22 Bodkin Arrow
28:50 Wheelbarrow
31:46 Imperial Age
29:03 Elite Skirmisher
29:49 Thumb Ring
31:19 Ballistics
31:04 Scale Mail Armor
32:26 Stone Shaft Mining
32:08 Hand Cart
31:39 Town Watch
31:51 Arbalester
32:36 Pikeman
33:33 Chain Mail Armor
34:33 Chemistry
34:23 Bracer
34:56 Crop Rotation
35:47 Ring Archer Armor
35:28 Forging
35:56 Plate Mail Armor
35:45 Treadmill Crane
35:48 Capped Ram
38:18 Iron Casting
37:11 Halberdier
42:40 Squires
42:39 Imperial Skirmisher
ValakOO
10:51 Feudal Age
12:14 Double-Bit Axe
14:54 Castle Age
12:49 Horse Collar
15:37 Loom
26:49 Imperial Age
25:21 Gold Mining
26:08 Wheelbarrow
25:57 Fletching
26:37 Bow Saw
26:28 Heavy Plow
27:19 Bodkin Arrow
27:25 Padded Archer Armor
28:50 Ballistics
29:31 Chemistry
29:29 Leather Archer Armor
30:14 Bracer
31:16 Scale Barding Armor
31:42 Ring Archer Armor
32:47 Elite Genoese Crossbowman
34:29 Squires
34:14 Arson
34:50 Chain Barding Armor
34:42 Forging
34:39 Scale Mail Armor
36:42 Chain Mail Armor
37:42 Iron Casting
38:11 Plate Mail Armor
42:00 Blast Furnace
43:32 Man-at-Arms
44:05 Pikeman
ngocpq
3:06 Loom
12:02 Feudal Age
14:17 Double-Bit Axe
18:45 Castle Age
17:28 Gold Mining
20:05 Bow Saw
20:41 Gold Shaft Mining
23:19 Husbandry
23:31 Scale Barding Armor
25:29 Wheelbarrow
27:03 Hand Cart
30:03 Chain Barding Armor
31:20 Forging
34:56 Murder Holes
38:25 Imperial Age
37:04 Iron Casting
36:38 Fletching
39:26 Cavalier
39:38 Elite Skirmisher
40:58 Plate Barding Armor
42:16 Paladin
zxthanhloc
11:02 Feudal Age
15:26 Castle Age
14:12 Double-Bit Axe
14:49 Gold Mining
15:49 Wheelbarrow
15:35 Stone Mining
18:49 Bow Saw
20:29 Hand Cart
22:00 Forging
23:54 Gold Shaft Mining
26:44 Scale Barding Armor
26:30 Fletching
32:38 Imperial Age
29:58 Pikeman
30:38 Squires
35:26 Squires
40:12 Scale Mail Armor
40:33 Chain Barding Armor
40:09 Bodkin Arrow
40:15 Padded Archer Armor
41:28 Cavalier
42:15 Halberdier
43:48 Plate Barding Armor
43:49 Iron Casting
Connection lost

Rejoining the realm…

Still unreachable

The connection could not be restored.

Session expired

The server has moved on; the page needs a fresh start.